 Dungeon Crawl Stone Soup version 0.27-a0-1219-g958d993ae5 (webtiles) character file.

Game seed: 2675027077787287564

62 polve the Skirmisher (level 3, -2/32 HPs)
             Began as a Demonspawn Abyssal Knight on June 6, 2021.
             Was a Follower of Lugonu.
             Succumbed to an adder's poison
             ... on level 2 of the Dungeon.
             The game lasted 00:01:18 (2330 turns).

polve the Skirmisher (Demonspawn Abyssal Knight)    Turns: 2330, Time: 00:01:19

Health: -2/32      AC:  3    Str: 13    XL:     3   Next: 85%
Magic:  4/4        EV: 11    Int: 13    God:    Lugonu [*.....]
Gold:   40         SH:  0    Dex: 12    Spells: 2/2 levels left

rFire    . . .     SeeInvis .   a - +1 short sword
rCold    . . .     Faith    .   (no shield)
rNeg     . . .     Spirit   .   b - +0 leather armour
rPois    .         Reflect  .   (no helmet)
rElec    .         Harm     .   (no cloak)
rCorr    .         Rampage  .   (no gloves)
Will     .....                  (no boots)
Stlth    +.........             (no amulet)
HPRegen  0.10/turn              (no ring)
MPRegen  0.18/turn              (no ring)

@: lethally poisoned (-2 -> -15)
A: magic regeneration
a: Renounce Religion, Depart the Abyss


You were on level 2 of the Dungeon.
You worshipped Lugonu.
Lugonu was aware of your devotion.
You visited 1 branch of the dungeon, and saw 2 of its levels.
You visited the Abyss 1 time.

You collected 40 gold pieces.

Inventory:

Hand Weapons
 a - a +1 short sword (weapon)
Armour
 b - a +0 leather armour (worn)
 h - a +0 pair of boots
Scrolls
 c - 2 scrolls of blinking {unknown}
 d - a scroll of teleportation {unknown}
 f - a scroll of identify {unknown}
 g - a scroll of amnesia {unknown}
Potions
 e - a potion of magic {unknown}


   Skills:
 + Level 4.8 Fighting
 - Level 1.7 Short Blades
 - Level 1.7 Armour
 - Level 0.8 Dodging
 - Level 2.4 Invocations


You had 2 spell levels left.
You didn't know any spells.
Your spell library was empty.

Dungeon Overview and Level Annotations

Branches:
Dungeon (2/15)

Altars:


Innate Abilities, Weirdness & Mutations

You regenerate magic rapidly.


Message History

You are too injured to fight recklessly!
You are too injured to fight recklessly!
You are too injured to fight recklessly!
You are too injured to fight recklessly!
You are too injured to fight recklessly!
You are too injured to fight recklessly!
You are too injured to fight recklessly!
You are too injured to fight recklessly!
The kobold hits you but does no damage. The endoplasm freezes you.
You are frozen.
The adder barely misses you.
The kobold throws a stone.
The stone misses you.
The kobold throws a stone.
The stone completely misses you. The adder bites you.
You are poisoned.
The adder poisons you!
You feel sick.
The kobold throws a stone.
The stone barely misses you.
You closely miss the adder.
You feel sick. The adder bites you.
You hit the adder.
The adder is heavily wounded.
You feel sick. The adder bites you but does no damage. The adder bites you.
You miss the adder.
The adder is heavily wounded.
You feel sick. The adder closely misses you.
You hit the adder.
The adder is severely wounded.
You feel sick. The adder bites you.
* * * LOW HITPOINT WARNING * * *
You are lethally poisoned!
The adder poisons you!
You closely miss the adder.
The adder is severely wounded.
* * * LOW HITPOINT WARNING * * *
You feel sick. The adder closely misses you. The adder bites you.
* * * LOW HITPOINT WARNING * * *
You are more poisoned.
The adder poisons you!
You barely miss the adder.
The adder is severely wounded.
You die...

##
######.........
. #
...............
..# #...........
..# ###########
#........
....#.[.......
##........
............#
##g.......# .
##.......#
#JK#....### .
.#........#
#S#######
...........# #@#
##.........##
#.#
#.#####....###.#
#. #.....รท...#
. #....######
#....# .. #.....
.... #....##
.... #....#


You could see an adder, an endoplasm, a hobgoblin and a kobold.

Vanquished Creatures
  2 adders (D:2)
  A worm (D:2)
  2 dart slugs (D:1)
  3 endoplasms
  A giant cockroach (D:1)
  7 jackals
  A quokka (D:1)
  A ball python (D:1)
  9 bats (D:1)
  A frilled lizard (D:1)
  3 goblins (D:1)
  2 kobolds (D:1)
  3 rats
36 creatures vanquished.

Notes
Turn   | Place    | Note
-------+----------+-------------------------------------------
     0 | Abyss:1  | polve the Demonspawn Abyssal Knight began the quest for the
                  | Orb.
     0 | Abyss:1  | Reached XP level 1. HP: 18/18 MP: 2/2
    56 | Abyss:1  | Noticed a tentacled starspawn
    57 | D:1      | Escaped the Abyss
   286 | D:1      | Gained mutation: You regenerate magic rapidly. [demonic
                  | ancestry]
   286 | D:1      | Reached XP level 2. HP: 24/24 MP: 3/3
   399 | D:1      | Reached * piety under Lugonu
   809 | D:1      | Reached skill level 4 in Fighting
   953 | D:1      | Reached XP level 3. HP: 30/30 MP: 4/4
  2329 | D:2      | HP: 1/32 [adder (4)]
  2330 | D:2      | Succumbed to an adder's poison

Illustrated notes

Levels and vault maps discovered:
D:1:      nicolae_arrival_washed_ashore, layout_basic
D:2:      layout_rooms, basic_altar

Skill      XL: |  1  2 |
---------------+-------+-----
Fighting       | 4 |  4.8
Short Blades   | |  1.7
Armour         | |  1.7
Dodging        | |  0.8
Invocations    | |  2.4

Action                   || total
-------------------------++-------
Melee: Short sword       ||   177
Invok: Depart the Abyss  ||     1
Armor: Leather armour    ||    82
Dodge: Dodged            ||   160

Table legend: (Time is in decaauts)
 A = Elapsed time spent in this place.
 B = Non-inter-level travel time spent in this place.
 C = Inter-level travel time spent in this place.
 D = Time resting spent in this place.
 E = Time spent auto-exploring this place.
 F = Levels seen in this place.
 G = Mean time per level.
                   A        B        C        D        E       F      G
               +--------+--------+--------+--------+--------+-----+--------+
         Total |   2332 |   2296 |     36 |      0 |   1947 |   3 |  777.3 |
       Dungeon |   2275 |   2239 |     36 |      0 |   1892 |   2 | 1137.5 |
         Abyss |     57 |     57 |      0 |      0 |     55 |   1 |   57.0 |
               +--------+--------+--------+--------+--------+-----+--------+

Top non-repeatable levels by time:
     D:1: 1379 daAuts
     D:2: 896 daAuts
 Abyss:1: 57 daAuts
